 Dungeon Crawl Stone Soup version 0.31-a0-844-gdc52ec4e09 (webtiles) character file.

Game seed: 5118416765830645801

1549 IdlyInterested the Slasher (level 8, -3/96 HPs)
             Began as a Demonspawn Gladiator on Sept 28, 2023.
             Slain by Pikel
             ... wielding a +1 whip of electrocution
              (12 damage)
             ... on level 5 of the Dungeon.
             The game lasted 00:14:43 (5392 turns).

IdlyInterested the Slasher (Demonspawn Gladiator)   Turns: 5392, Time: 00:14:44

Health: -3/96      AC: 24    Str: 17    XL:     8   Next: 57%
Magic:  8/8        EV:  2    Int: 10    God:
Gold:   163        SH:  9    Dex: 18    Spells: 7/7 levels left

rFire   . . .        (no weapon)
rCold   . . .        v - +0 buckler
rNeg    . . .        w - melded +1 leather armour {Will+}
rPois   +            (helmet currently unavailable)
rElec   .            (cloak currently unavailable)
rCorr   .            (gloves currently unavailable)
SInv    +            (boots currently unavailable)
Will    .....        (no amulet)
Stlth   ++++         z - ring of see invisible
HPRegen 0.36/turn    (no ring)
MPRegen 0.11/turn

%: no passive effects
@: tree-form
A: stationary, stasis, torment immunity, boosted hp, (horns 1), thin skeletal
structure 2, (spiny 1), condensation shield
a: no special abilities


You were on level 5 of the Dungeon.
You were a tree.
You visited 1 branch of the dungeon, and saw 5 of its levels.

You collected 163 gold pieces.

Inventory:

Hand Weapons
 a - a +0 long sword
Missiles
 d - 3 throwing nets
 e - 4 javelins
 k - 42 stones (quivered)
 o - 4 datura-tipped darts
 t - a boomerang
Armour
 s - a +0 chain mail
 v - a +0 buckler (worn)
 w - a +1 leather armour of willpower (melded)
Magical Staves
 A - a staff of air
Jewellery
 z - a ring of see invisible (left branch)
Talismans
 p - a serpent talisman
Wands
 q - a wand of flame (12)
 C - a wand of quicksilver (4)
Scrolls
 b - a scroll of noise {unknown}
 f - a scroll of enchant weapon {unknown}
 g - 2 scrolls of amnesia
 i - a scroll of poison {unknown}
 r - 2 scrolls of enchant armour {unknown}
 x - a scroll of identify {unknown}
 y - a scroll of blinking {unknown}
 E - a scroll of fog {unknown}
 F - a scroll of immolation {unknown}
Potions
 l - a potion of haste {unknown}
 m - 2 potions of curing {unknown}
 n - a potion of brilliance {unknown}
 u - a potion of might {unknown}
 B - a potion of mutation {unknown}
 D - a potion of cancellation {unknown}
 G - a potion of attraction {unknown}


   Skills:
 + Level 6.3 Fighting
 * Level 7.3 Long Blades
 - Level 2.0 Throwing
 - Level 2.0 Armour
 - Level 2.6 Dodging
 - Level 2.0 Stealth
 + Level 2.0 Shields
 - Level 2.0 Evocations


You had 7 spell levels left.
You didn't know any spells.
Your spell library contained the following spells:

 Spells                   Type           Power      Damage    Failure   Level
 Cigotuvi's Dreadful Rot  Necr/Pois/Air  0%         N/A       58%         2
 Sublimation of Blood     Necr           0%         N/A       58%         2
 Dazzling Flash           Conj/Hex       0%         N/A       82%         3
 Ignite Poison            Fire/Tmut/Pois 0%         N/A       82%         3
 Volatile Blastmotes      Fire/Tloc      0%         2d10      82%         3
 Petrify                  Tmut/Erth      0%         N/A       99%         4
 Freezing Cloud           Conj/Ice/Air   0%         6-21      100%        5
 Irradiate                Conj/Tmut      0%         3d11      100%        5
 Starburst                Conj/Fire      0%         6d3       100%        6
 Maxwell's Capacitive Co  Air            0%         ∞         100%        8


Dungeon Overview and Level Annotations

Branches:
Dungeon (5/15)
 Temple: D:4-7

Altars:
Hepliaklqana
Nemelex Xobeh
Wu Jian

Shops:
D:3 =

Annotations:
D:5 Pikel


Innate Abilities, Weirdness & Mutations

You are a tree.
Your roots penetrate the ground, keeping you stationary.
You cannot be teleported.
You are immune to unholy pain and torment.
Your maximum health is greatly increased.
Your equipment is partially melded.
((You have a pair of small horns on your head.))
You have a moderately thin skeletal structure. (Dex +4, Stealth++)
((You are partially covered in sharp spines.))
A meltable shield of frost defends you. (SH +4)


Message History

Unknown command.
You barely miss Pikel. Your headbutt misses Pikel.
Pikel is moderately wounded.
The lemure is struck by your spines. The lemure closely misses you.
The lemure hits you. The lemure is struck by your spines. The lemure hits you!
* * * LOW HITPOINT WARNING * * *
Pikel is struck by your spines.
Pikel hits you with a +1 whip of electrocution.
* * * LOW HITPOINT WARNING * * *
You turn into a tree.
Your +1 leather armour of willpower melds into your body.
You feel less strong-willed.
Your roots penetrate the ground.
You block the lemure's attack. The lemure hits you but does no damage.
Pikel hits you but does no damage. You block the lemure's attack.
You are now empty-handed.
The lemure hits you but does no damage. The lemure barely misses you.
The lemure hits you but does no damage. You block Pikel's attack.
You closely miss Pikel.
Pikel is heavily wounded.
You block the lemure's attack. The lemure hits you but does no damage.
Pikel hits you but does no damage. You block the lemure's attack.
You smack Pikel!
Pikel is severely wounded.
You block the lemure's attack. x2; The lemure hits you.
* * * LOW HITPOINT WARNING * * *
Pikel hits you but does no damage.
You barely miss Pikel.
Pikel is severely wounded.
You block the lemure's attack. x2; The lemure hits you but does no damage.
Pikel hits you but does no damage.
You hit Pikel.
Pikel is severely wounded.
The lemure hits you but does no damage. The lemure hits you.
* * * LOW HITPOINT WARNING * * *
You block the lemure's attack.
Pikel hits you with a +1 whip of electrocution.
* * * LOW HITPOINT WARNING * * *
You are electrocuted!
You die...
Pikel says, "Another soul for the market."

#..######..##
##..# #..#
####...## ##..#
#
#.......####?.#
.#
..#####...#...##
..# #
##.......##
##....
##..##...##....#
#..#####.55...#
#..# ##♣55.##
#.## ##K.## #.
#.... .# ...##
#. ### ..


You could see Pikel and 4 lemures.

Vanquished Creatures
  Grinder (D:4)
  Edmund (D:4)
  2 ice beasts (D:5)
  2 black bears
  An ogre (D:4)
  2 phantoms (D:4)
  3 scorpions (D:4)
  3 hounds
  A jelly (D:5)
  2 iguanas
  Natasha (thrice) (D:3)
  An orc wizard (D:4)
  3 gnolls (D:4)
  7 adders (D:4)
  An ufetubus (D:4)
  5 worms
  2 dart slugs
  11 orcs
  5 endoplasms
  2 giant cockroaches
  5 goblins
  6 hobgoblins
  10 jackals
  5 quokkas
  8 ball pythons
  5 bats
  2 frilled lizards (D:1)
  3 kobolds
  4 rats
106 creatures vanquished.

Notes
Turn   | Place    | Note
-------+----------+-------------------------------------------
     0 | D:1      | IdlyInterested the Demonspawn Gladiator began the quest for
                  | the Orb.
     0 | D:1      | Reached XP level 1. HP: 16/16 MP: 1/1
   221 | D:1      | Gained mutation: You have a somewhat thin skeletal
                  | structure. (Dex +2, Stealth+) [demonic ancestry]
   221 | D:1      | Reached XP level 2. HP: 16/23 MP: 2/2
  1191 | D:2      | Reached skill level 3 in Long Blades
  1266 | D:2      | Reached skill level 1 in Armour
  1334 | D:2      | Gained mutation: You have a moderately thin skeletal
                  | structure. (Dex +4, Stealth++) [demonic ancestry]
  1334 | D:2      | Reached XP level 3. HP: 21/28 MP: 3/3
  1482 | D:2      | Found a faded altar of an unknown god.
  2085 | D:3      | Noticed Natasha
  2096 | D:3      | Killed Natasha
  2097 | D:3      | Reached skill level 1 in Stealth
  2097 | D:3      | Gained mutation: A meltable shield of frost defends you.
                  | (SH +4) [demonic ancestry]
  2097 | D:3      | Reached XP level 4. HP: 30/35 MP: 4/4
  2215 | D:3      | Found Kuuppa's Jewellery Emporium.
  2393 | D:3      | Noticed Natasha
  2405 | D:3      | Killed Natasha
  2670 | D:3      | Noticed Natasha
  2675 | D:3      | Killed Natasha
  2676 | D:3      | Reached skill level 1 in Evocations
  2676 | D:3      | Gained mutation: You are partially covered in sharp spines.
                  | [demonic ancestry]
  2676 | D:3      | Reached XP level 5. HP: 31/42 MP: 5/5
  2816 | D:3      | Found an ornate altar of the Wu Jian Council.
  3111 | D:4      | Noticed a phantom
  3124 | D:4      | Killed a phantom
  3125 | D:4      | Reached skill level 4 in Long Blades
  3207 | D:4      | Noticed Grinder
  3213 | D:4      | Noticed an ogre
  3219 | D:4      | Paralysed by Grinder for 2 turns
  3231 | D:4      | Killed Grinder
  3232 | D:4      | Reached XP level 6. HP: 11/49 MP: 6/6
  3378 | D:4      | Reached skill level 5 in Long Blades
  3423 | D:4      | Reached XP level 7. HP: 55/55 MP: 7/7
  3500 | D:4      | Reached skill level 5 in Fighting
  3568 | D:4      | Found a sparkling altar of Nemelex Xobeh.
  3582 | D:4      | Noticed Edmund
  3600 | D:4      | Killed Edmund
  4272 | D:4      | Reached skill level 6 in Long Blades
  4624 | D:4      | Gained mutation: You have a pair of small horns on your
                  | head. [demonic ancestry]
  4624 | D:4      | Reached XP level 8. HP: 11/64 MP: 8/8
  4824 | D:4      | Found a hazy altar of Hepliaklqana.
  4914 | D:5      | Entered Level 5 of the Dungeon
  4997 | D:5      | Reached skill level 1 in Shields
  5016 | D:5      | Reached skill level 7 in Long Blades
  5375 | D:5      | Noticed Pikel
  5392 | D:5      | Slain by Pikel

Illustrated notes

Levels and vault maps discovered:
D:1:      orjb1_lava_funnel, layout_basic, wad_woods_river_04, nicolae_titane
D:2:      layout_basic, hellmonk_ecumenical_altar_heavens_door,
          chequers_hall_statues_wall_a, nicolae_elevator_lobby_asterisk
D:3:      layout_loops_ring, mainiacjoe_overflow_alcove_2, serial_shops,
          nicolae_shop_statue_plus, guppyfry_early_orc_mine, uniq_natasha
D:4:      minmay_razor_zed, layout_loops_ring, mainiacjoe_overflow_swirl,
          minmay_misc_feat_plants, minmay_pentomino_pile, uniq_edmund,
          uniq_grinder
D:5:      layout_layer_cave, zin_academy, nicolae_zen_rock_garden, uniq_pikel

Skill      XL: |  1  2  3  4  5  6  7  8 |
---------------+-------------------------+-----
Long Blades    | 3 4 5 6 7 |  7.3
Armour         | 1 2 |  2.0
Fighting       | 3 4 5 6 |  6.3
Stealth        | 1 2 |  2.0
Evocations     | 1 2 |  2.0
Throwing       | 2 |  2.0
Shields        | 2 |  2.0
Dodging        | |  2.6

Action                     |  1- 3 |  4- 6 |  7- 9 || total
---------------------------+-------+-------+-------++-------
  Melee: Long sword        |   197 |    86 |   151 ||   434
         Punch             |     3 |       |       ||     3
         Headbutt          |       |       |     8 ||     8
         Unarmed           |       |       |     4 ||     4
  Throw: Dart              |       |     1 |       ||     1
    Use: Potion            |     1 |     1 |     2 ||     4
         Scroll            |     1 |       |       ||     1
   Stab: Sleeping          |     8 |     5 |     7 ||    20
 Armour: Leather armour    |    48 |    14 |    97 ||   159
         Ring mail         |    20 |     5 |       ||    25
         Chain mail        |       |    26 |       ||    26
         Skin              |       |       |    13 ||    13
  Dodge: Dodged            |    93 |    25 |    84 ||   202
  Block: Buckler           |       |    15 |    88 ||   103
         Other             |       |     4 |       ||     4

Table legend: (Time is in decaauts)
 A = Elapsed time spent in this place.
 B = Non-inter-level travel time spent in this place.
 C = Inter-level travel time spent in this place.
 D = Time resting spent in this place.
 E = Time spent auto-exploring this place.
 F = Levels seen in this place.
 G = Mean time per level.
                   A        B        C        D        E       F      G
               +--------+--------+--------+--------+--------+-----+--------+
         Total |   5529 |   5047 |    482 |    912 |   2832 |   5 | 1105.8 |
       Dungeon |   5529 |   5047 |    482 |    912 |   2832 |   5 | 1105.8 |
               +--------+--------+--------+--------+--------+-----+--------+

Top non-repeatable levels by time:
     D:4: 1875 daAuts
     D:1: 1153 daAuts
     D:3: 1072 daAuts
     D:2: 975 daAuts
     D:5: 453 daAuts
